Map: Lerilak Crest

Players

Chrystian

  • Race: Protoss Protoss
  • League: Grandmaster

SticklerMac - Winner!

  • Race: Zerg Zerg
  • League: Grandmaster

VOD

Have the link to the VOD?

Description

Time

  • Played on: July 18, 2015, 2:39 p.m.
  • Length: 12:32
Show
View Real Time Build Order
Export as new Build Order

Chrystian Protoss 

Build Orders:  

Get SALT Encoding   

  12  0:01  Probe  
  13  0:17  Pylon  
  13  0:19  Probe  
  14  0:35  Probe (Chrono Boost)  
  15  0:37  Gateway  
  15  0:47  Probe (Chrono Boost)  
  16  0:52  Assimilator  
  16  0:54  Probe (Chrono Boost)  
  17  1:04  Probe  
  17  1:05  Pylon  
  18  1:16  Probe  
  19  1:28  Probe (Chrono Boost)  
  19  1:30  Zealot  
  19  1:31  Cybernetics Core  
  22  1:39  Probe (Chrono Boost)  
  23  1:45  Pylon  
  23  1:46  Probe (Chrono Boost)  
  24  1:57  Probe (Chrono Boost)  
  25  2:04  Probe (Chrono Boost)  
  25  2:07  Stalker  
  28  2:08  Warp Gate (Chrono Boost)  
  28  2:16  Gateway  
  28  2:18  Gateway  
  28  2:27  Gateway  
  28  2:49  Assimilator  
  28  2:55  Pylon  
  28  3:02  Nexus  
  28  3:10  Mothership Core  
  30  3:25  Pylon  
  30  3:29  Pylon  
  30  3:45  Probe (Chrono Boost)  
  31  3:51  Zealot  
  31  3:52  Stalker, Zealot  
  38  3:55  Probe (Chrono Boost)  
  38  3:56  Zealot  
  40  4:12  Zealot  
  40  4:13  Stalker  
  40  4:17  Zealot  
  46  4:24  Stalker  
  48  4:40  Stalker x2  
  48  4:42  Probe  
  48  4:45  Probe  
  54  4:54  Probe (Chrono Boost)  
  54  4:58  Probe (Chrono Boost)  
  56  5:06  Probe (Chrono Boost)  
  57  5:09  Probe (Chrono Boost)  
  59  5:14  Probe (Chrono Boost)  
  59  5:31  Nexus  
  59  5:34  Pylon  
  59  5:44  Forge, Pylon  
  59  5:47  Forge  
  59  5:49  Pylon  
  59  5:51  Probe  
  59  5:53  Probe  
  62  6:05  Probe (Chrono Boost)  
  62  6:06  Probe (Chrono Boost)  
  63  6:14  Zealot x2  
  63  6:17  Probe (Chrono Boost), Zealot  
  71  6:19  Protoss Ground Weapons Level 1 (Chrono Boost)  
  71  6:20  Probe (Chrono Boost), Protoss Ground Armor Level 1 (Chrono Boost)  
  71  6:34  Zealot  
  71  6:35  Zealot  
  71  6:37  Zealot  
  77  6:43  Zealot  
  79  6:49  Probe x3  
  82  6:58  Stalker  
  84  7:01  Probe  
  84  7:02  Zealot  
  87  7:08  Probe  
  87  7:09  Probe  
  87  7:13  Probe  
  89  7:16  Stalker  
  89  7:17  Stalker  
  89  7:20  Probe  
  89  7:21  Probe  
  95  7:25  Sentry x2, Probe  
  86  7:36  Sentry  
  84  7:37  Sentry  
  84  7:38  Probe (Chrono Boost)  
  84  7:43  Probe (Chrono Boost)  
  89  7:44  Stalker x2, Probe (Chrono Boost)  
  89  7:48  Probe (Chrono Boost)  
  96  7:51  Gateway, Probe (Chrono Boost)  
  96  7:52  Probe (Chrono Boost)  
  96  7:54  Gateway  
  96  7:58  Gateway  
  96  8:01  Stalker  
  96  8:02  Stalker  
  100  8:08  Stalker  
  100  8:10  Stalker  
  104  8:14  Probe (Chrono Boost)  
  104  8:18  Assimilator  
  103  8:21  Protoss Shields Level 1 (Chrono Boost)  
  103  8:22  Assimilator  
  103  8:24  Probe (Chrono Boost)  
  104  8:31  Probe  
  103  8:42  Stalker  
  103  8:47  Pylon  
  105  8:49  Pylon  
  105  8:51  Pylon  
  105  8:53  Pylon  
  105  8:55  Pylon  
  105  9:03  Photon Cannon x2  
  105  9:06  Stalker x4  
  105  9:07  Photon Cannon  
  105  9:08  Zealot  
  115  9:10  Zealot  
  115  9:12  Photon Cannon  
  115  9:16  Photon Cannon  
  117  9:17  Photon Cannon  
  117  9:26  Assimilator  
  117  9:30  Assimilator  
  117  9:32  Stalker x2  
  117  9:33  Stalker, Zealot x2  
  117  9:34  Zealot  
  129  9:54  Twilight Council  
  123  10:09  Robotics Facility x2  
  123  10:11  Zealot x3  
  123  10:12  Zealot x2, Pylon  
  123  10:13  Zealot  
  123  10:14  Pylon  
  129  10:24  Charge  
  129  10:31  Pylon  
  129  10:33  Pylon  
  129  10:35  Pylon  
  129  10:37  Zealot x3  
  135  10:56  Observer  
  135  10:57  Observer  
  137  11:17  Immortal (Chrono Boost)  
  145  11:18  Immortal (Chrono Boost)  
  145  11:38  Stalker  
  145  11:39  Stalker x3  
  153  11:46  Immortal (Chrono Boost)  
  161  11:47  Immortal (Chrono Boost)  
  161  11:51  Stalker  
  161  11:52  Stalker  
  159  12:04  Stalker x4  
  159  12:07  Probe x3  
  106  12:16  Zealot x2  
  106  12:19  Probe x3  
Show
View Real Time Build Order
Export as new Build Order

SticklerMac Zerg - Winner!

Build Orders: 3 Hatch before Pool 

Get SALT Encoding   

  12  0:01  Drone  
  13  0:08  Drone  
  14  0:17  Overlord  
  14  0:42  Hatchery  
  13  0:44  Drone  
  13  0:49  Drone  
  15  0:53  Drone  
  16  0:58  Drone  
  17  1:22  Drone  
  18  1:27  Hatchery  
  17  1:38  Spawning Pool  
  16  1:51  Drone  
  16  1:52  Drone x2  
  19  1:54  Overlord  
  19  1:57  Extractor  
  18  2:03  Drone  
  18  2:04  Drone  
  20  2:13  Drone  
  21  2:18  Drone  
  22  2:24  Drone  
  22  2:29  Drone  
  24  2:36  Drone  
  24  2:37  Drone  
  24  2:42  Drone  
  24  2:43  Extractor  
  25  2:44  Roach Warren  
  24  2:52  Drone x2  
  24  2:53  Drone  
  24  2:56  Drone  
  28  2:58  Drone  
  28  3:03  Drone  
  28  3:04  Evolution Chamber  
  29  3:06  Evolution Chamber  
  29  3:07  Drone  
  29  3:09  Drone  
  30  3:13  Extractor  
  30  3:14  Drone  
  30  3:17  Drone  
  32  3:20  Drone  
  32  3:22  Drone  
  33  3:28  Drone  
  36  3:39  Lair  
  36  3:40  Queen  
  36  3:42  Queen  
  36  3:46  Overlord  
  38  3:57  Zerg Ground Armor Level 1  
  38  3:58  Drone  
  38  4:00  Drone  
  40  4:03  Overlord  
  40  4:07  Roach  
  40  4:09  Drone  
  38  4:11  Drone  
  38  4:15  Roach  
  41  4:17  Roach  
  41  4:20  Roach  
  41  4:23  Roach  
  45  4:26  Roach  
  45  4:29  Roach  
  49  4:36  Zergling x2  
  49  4:37  Overlord  
  48  4:42  Drone  
  48  4:43  Roach  
  48  4:44  Overlord  
  49  4:48  Overlord  
  47  4:54  Zerg Missile Weapons Level 1  
  46  5:01  Roach  
  46  5:02  Roach x4  
  56  5:08  Roach x2  
  60  5:17  Glial Reconstitution  
  60  5:22  Roach  
  60  5:25  Roach  
  60  5:28  Drone x3  
  65  5:30  Drone  
  65  5:31  Overlord  
  65  5:33  Overlord  
  68  5:53  Roach x2  
  72  5:59  Hatchery  
  72  6:00  Zerg Ground Armor Level 2  
  71  6:12  Drone x2  
  71  6:13  Drone x2  
  71  6:15  Overlord  
  71  6:16  Overlord  
  75  6:25  Zergling x2  
  76  6:27  Overlord  
  76  6:31  Overlord  
  76  6:33  Queen  
  76  6:36  Roach x2  
  82  6:48  Roach x4  
  90  6:56  Zerg Missile Weapons Level 2  
  90  6:58  Roach x2  
  94  7:05  Roach  
  94  7:08  Tunneling Claws  
  96  7:13  Roach x2  
  100  7:21  Burrow  
  100  7:23  Zergling x6  
  100  7:25  Zergling x6  
  105  7:36  Drone x2  
  108  7:51  Zergling x2  
  108  7:54  Overlord x2  
  108  7:57  Hatchery  
  107  8:03  Overlord x2  
  107  8:09  Zergling x2  
  108  8:20  Roach x3  
  108  8:21  Roach x2  
  97  8:46  Roach x3  
  97  8:47  Roach x3  
  109  8:51  Roach  
  109  8:52  Roach  
  109  9:05  Roach  
  109  9:06  Roach x7  
  125  9:18  Roach x3  
  125  9:20  Roach x2  
  125  9:21  Roach  
  137  9:29  Roach  
  139  9:31  Roach  
  139  9:32  Roach  
  143  9:43  Roach  
  145  9:51  Roach  
  144  9:53  Overlord  
  144  9:54  Overlord x3  
  138  10:06  Roach  
  138  10:07  Roach x2  
  144  10:17  Roach x3  
  150  10:25  Roach  
  150  10:26  Roach x2  
  154  10:38  Roach  
  154  10:39  Roach x2  
  160  10:50  Roach x3  
  160  10:52  Queen  
  160  10:57  Roach x3  
  170  11:02  Roach  
  170  11:03  Roach  
  178  11:12  Overlord  
  178  11:13  Overlord x4  
  178  11:25  Overseer  
  178  11:31  Roach x7  
  178  11:32  Roach x67  
  192  11:37  Drone  
  192  11:38  Drone  
  192  11:39  Roach  
  196  11:41  Roach  
  196  11:43  Roach  
  196  11:44  Roach x65  
  186  12:05  Zergling x14  
  186  12:06  Zergling x2  
  168  12:09  Zergling x2  
Tags
 
Add a new tag
Caveats
  • Supply blocks, unpowered buildings, or Contaminate may cause inaccurate times.
  • Supply counts are checked every 10 seconds.